 Dungeon Crawl Stone Soup version 0.30.0-5-g1a98f26d00 (webtiles) character file.

Game seed: 6923419347070565055

215 jasper the Chopper (level 5, -1/46 HPs)
             Began as a Hill Orc Cinder Acolyte on May 8, 2023.
             Was an Elder of Ignis.
             Slain by Blork the orc
             ... wielding a +0 glaive
              (14 damage)
             ... on level 4 of the Dungeon.
             The game lasted 00:03:34 (2961 turns).

jasper the Chopper (Hill Orc Cinder Acolyte)        Turns: 2961, Time: 00:03:34

Health: -1/46      AC: 13    Str: 19    XL:     5   Next: 92%
Magic:  6/6        EV:  9    Int: 14    God:    Ignis [****..]
Gold:   159        SH:  0    Dex: 12    Spells: 6/6 levels left

rFire   + + .        a - -1 hand axe (flame)
rCold   . . .        h - orb {guile}
rNeg    . . .        s - +0 scale mail
rPois   .            (no helmet)
rElec   .            (no cloak)
rCorr   .            (no gloves)
SInv    .            (no boots)
Will    .....        t - amulet of regeneration Stlth
                     l - +6 ring of dexterity
HPRegen 1.07/turn    q - ring of protection from fire
MPRegen 0.10/turn

%: no passive effects
@: fiery-armoured
A: no striking features
a: Renounce Religion, Fiery Armour, Foxfire Swarm, Rising Flame


You were on level 4 of the Dungeon.
You worshipped Ignis.
Ignis was greatly pleased with you.
You visited 1 branch of the dungeon, and saw 4 of its levels.

You collected 159 gold pieces.

Inventory:

Hand Weapons
 a - a -1 hand axe of flaming (weapon)
Missiles
 i - 30 stones (quivered)
 m - 3 javelins
Armour
 b - a +0 robe
 h - an orb of guile (worn)
 j - a +0 leather armour
 s - a +0 scale mail (worn)
Jewellery
 l - a +6 ring of dexterity (left hand)
 q - a ring of protection from fire (right hand)
 t - an amulet of regeneration (around neck)
Scrolls
 c - a scroll of fog {unknown}
 d - 3 scrolls of identify {unknown}
 e - 2 scrolls of enchant armour {unknown}
 g - 3 scrolls of noise {unknown}
 k - 2 scrolls of amnesia {unknown}
 n - a scroll of fear {unknown}
 o - 2 scrolls of vulnerability {unknown}
 p - a scroll of magic mapping {unknown}
 r - a scroll of immolation {unknown}
Potions
 f - a potion of magic {unknown}
 u - a potion of lignification {unknown}
 v - 2 potions of curing {unknown}


   Skills:
 + Level 4.2 Fighting
 * Level 7.7 Axes
 + Level 1.6 Armour
 - Level 1.0 Spellcasting
 - Level 3.2 Fire Magic


You had 6 spell levels left.
You didn't know any spells.
Your spell library contained the following spells:

 Spells                   Type           Power      Damage    Failure   Level
 Scorch                   Fire           18%        2d5       32%         2
 Magic Dart               Conj           0%         1d3       63%         1
 Searing Ray              Conj           0%         2d4       77%         2
 Fulminant Prism          Conj/Hex       0%         3d5       100%        4


Dungeon Overview and Level Annotations

Branches:
Dungeon (4/15)
 Temple: D:4-7

Altars:
Dithmenos
Makhleb
Zin

Annotations:
D:4 Blork the orc


Message History

You kill the dart slug!
You hit Blork the orc. You burn Blork the orc.
Blork the orc is moderately wounded.
You hit the quokka but do no damage. The quokka barely misses you.
Blork the orc hits you but does no damage.
Blork the orc is burned by your cloak of flames.
Blork the orc is heavily wounded.
You hit Blork the orc but do no damage.
Blork the orc is heavily wounded.
You hit the quokka but do no damage. The quokka closely misses you.
Blork the orc misses you.
You barely miss Blork the orc.
Blork the orc is heavily wounded.
You hit the quokka. You burn the quokka.
You kill the quokka!
Blork the orc hits you but does no damage.
Blork the orc is burned by your cloak of flames.
Blork the orc is heavily wounded.
You closely miss Blork the orc.
Blork the orc is heavily wounded.
Blork the orc misses you.
You hit Blork the orc. You burn Blork the orc.
Blork the orc is severely wounded.
Blork the orc gestures at you while chanting.
The puff of frost hits you but does no damage.
You hit Blork the orc but do no damage.
Blork the orc is severely wounded.
Blork the orc barely misses you.
You hit Blork the orc. You burn Blork the orc.
Blork the orc is severely wounded.
Blork the orc misses you.
You barely miss Blork the orc.
Blork the orc is severely wounded.
You hit Blork the orc but do no damage.
Blork the orc is severely wounded.
Blork the orc barely misses you.
You hit Blork the orc. You burn Blork the orc.
Blork the orc is almost dead.
Blork the orc hits you with a +0 glaive!
You die...

#....#<............#
#....#..............
#...##..##..........
##.......#..........
####.##..[............
#.#................## #
....................#..#.
......##........††.......
....####.....###@.......!
.....###.......o.........
.##...#..##..............
......#...##....................
........# #...##...............
...<.#...###.## ...............#
.....##...##. #..............##
....####..... ..#............
.....##.......... .............#


You could see Blork the orc.

Vanquished Creatures
  An orc priest (D:4)
  A jelly (D:4)
  A sleepcap (D:4)
  3 gnolls (D:2)
  3 adders
  A worm (D:2)
  5 dart slugs
  5 orcs
  6 ball pythons
  7 endoplasms
  2 giant cockroaches
  5 goblins
  5 hobgoblins
  A quokka (D:4)
  4 bats
  4 frilled lizards
  5 kobolds
  A rat (D:1)
60 creatures vanquished.

Notes
Turn   | Place    | Note
-------+----------+-------------------------------------------
     0 | D:1      | jasper the Hill Orc Cinder Acolyte began the quest for the
                  | Orb.
     0 | D:1      | Reached XP level 1. HP: 19/19 MP: 2/2
   253 | D:1      | Reached XP level 2. HP: 26/26 MP: 3/3
   308 | D:1      | Reached skill level 5 in Axes
   904 | D:1      | Found a faded altar of an unknown god.
  1004 | D:2      | Reached XP level 3. HP: 25/31 MP: 4/4
  1015 | D:2      | Reached skill level 6 in Axes
  1120 | D:2      | Reached XP level 4. HP: 37/39 MP: 5/5
  1976 | D:3      | Noticed a cacodemon
  1977 | D:3      | Found a burning altar of Makhleb.
  1981 | D:3      | Found a glowing silver altar of Zin.
  1981 | D:3      | Noticed an angel
  2385 | D:3      | Reached skill level 7 in Axes
  2597 | D:4      | Reached XP level 5. HP: 19/46 MP: 6/6
  2645 | D:4      | Reached skill level 1 in Armour
  2891 | D:4      | Found a shadowy altar of Dithmenos.
  2944 | D:4      | Noticed Blork the orc
  2949 | D:4      | HP: 1/46 [Blork the orc/+0 glaive (8)]
  2961 | D:4      | Slain by Blork the orc

Illustrated notes

Levels and vault maps discovered:
D:1:      erik_arrival_triangle_large, layout_basic,
          shapermc_ecumenical_altar_mp_vishouse, chequers_serial_rivers_large_b,
          ebering_dispersal_statue_hall
D:2:      layout_rooms, minmay_crystal_water, grunt_decor_resistance
D:3:      layout_basic, grunt_temple_overflow_order_and_chaos_2,
          serial_corexii_hall, chequers_hall_statues_y, corexii_hall_statues_i,
          chequers_hall_statues_wall_a, corexii_hall_statues_u
D:4:      layout_cave_pools, nicolae_dithmenos_through_a_glass_darkly,
          uniq_blork_the_orc

Skill      XL: |  1  2  3  4  5 |
---------------+----------------+-----
Axes           | 5 6 7 |  7.7
Armour         | 1 |  1.6
Fighting       | 4 |  4.2
Spellcasting   | |  1.0
Fire Magic     | |  3.2

Action                     |  1- 3 |  4- 6 || total
---------------------------+-------+-------++-------
  Melee: Hand axe          |    54 |   102 ||   156
         Punch             |     1 |       ||     1
  Throw: Stone             |       |     7 ||     7
 Invoke: Fiery Armour      |     1 |     2 ||     3
 Armour: Robe              |    11 |       ||    11
         Leather armour    |     3 |    21 ||    24
         Scale mail        |       |    22 ||    22
  Dodge: Dodged            |    21 |    61 ||    82
